 Dungeon Sprint DCSS version 0.21-a0-297-ga3d34c2 (webtiles) character file.

20616 potatolord6000 the Blocker (level 12, -31/136 HPs)
             Began as a Gnoll Fighter on Sept 28, 2017.
             Was the Champion of Sif Muna.
             Killed from afar by a purple draconian (45 damage)
             ... with a bolt of dispelling energy
             ... in the Dungeon (Sprint VII: "The Pits").
             The game lasted 00:21:33 (3068 turns).

potatolord6000 the Blocker (Gnoll Fighter)          Turns: 3068, Time: 00:21:34

Health: -31/136    AC: 27    Str: 24    XL:     12   Next: 81%
Magic:  9/27       EV: 19    Int: 17    God:    Sif Muna [******]
Gold:   27         SH:  0    Dex: 14    Spells: 7/33 levels left

rFire    . . .     SeeInvis .   x - +3 broad axe (freeze)
rCold    . . .     Gourm    .   (no shield)
rNeg     + . .     Faith    .   (armour currently unavailable)
rPois    ∞         Spirit   .   w - +0 helmet
rElec    +         Reflect  .   (no cloak)
rCorr    .         Harm     .   (gloves currently unavailable)
MR       .....     NoTele   +   (boots currently unavailable)
Stlth    +++++.....             (no amulet)
HPRegen  0.32/turn              r - +3 ring of intelligence
MPRegen  0.20/turn              s - +3 ring of intelligence

@: statue-form (expiring), very slightly contaminated, studying Throwing, very
slow
A: distributed training, fangs 1, strong nose
a: End Transformation, Divine Energy, Channel Magic, Forget Spell, Renounce
Religion


You were in the Dungeon.
You worshipped Sif Muna.
Sif Muna was exalted by your worship.
You were hungry.
You were a stone statue.
You visited 1 branch You collected 27 gold pieces.

Inventory:

Hand Weapons
 x - a +3 broad axe of freezing (weapon)
Armour
 u - a +0 pair of boots (melded)
 v - a +0 pair of gloves (melded)
 w - a +0 helmet (worn)
 z - a cursed +2 robe (melded)
Jewellery
 r - a +3 ring of intelligence (left hand)
 s - a +3 ring of intelligence (right hand)
Scrolls
 d - 2 scrolls of recharging
 k - 2 scrolls of blinking
 m - 7 scrolls of remove curse
 n - 5 scrolls of amnesia
 o - a scroll of summoning
Potions
 e - 13 potions of curing
 h - a potion of might
 i - 4 potions of magic
 j - 4 potions of berserk rage
 l - a potion of invisibility
 t - a potion of agility
Books
 g - a manual of Throwing
 A - Bunterph's Catalogue of Scorching Stolen Souls
   (Sif Muna gifted it to you in the Dungeon)

   Spells                             Type                      Level
   a - Excruciating Wounds            Charms/Necromancy            5
   b - Bolt of Magma                  Conjuration/Fire/Earth       5
   c - Bolt of Draining               Conjuration/Necromancy       5
   d - Necromutation                  Transmutation/Necromancy     8
   e - Fire Storm                     Conjuration/Fire             9
Comestibles
 a - a royal jelly
 f - 9 bread rations
 p - 40 fruits
 q - 4 meat rations


   Skills:
 + Level 13.1 Fighting
 + Level 11.7 Short Blades
 + Level 11.2 Long Blades
 + Level 12.0 Axes
 + Level 11.8 Maces & Flails
 + Level 12.0 Polearms
 + Level 10.8 Staves
 + Level 11.8 Slings
 + Level 10.8 Bows
 + Level 11.5 Crossbows
 + Level 12.9 Throwing
 + Level 13.1 Armour
 + Level 11.5 Dodging
 + Level 11.7 Stealth
   Level 0.0 Stabbing
 + Level 13.3 Shields
   Level 0.0 Traps
 + Level 10.6 Unarmed Combat
 + Level 11.2 Spellcasting
 + Level 11.5 Conjurations
 + Level 11.3 Hexes
 + Level 11.5 Charms
 + Level 11.7 Summonings
 + Level 12.0 Necromancy
 + Level 12.4 Translocations
 + Level 11.5 Transmutations
 + Level 11.3 Fire Magic
 + Level 11.7 Ice Magic
 + Level 11.8 Air Magic
 + Level 11.3 Earth Magic
 + Level 11.8 Poison Magic
 + Level 11.8 Invocations
 + Level 11.8 Evocations


You had 7 spell levels left.
You knew the following spells:

 Your Spells              Type           Power        Failure   Level  Hunger
a - Statue Form           Tmut/Erth      #####....    11%         6    ######.
b - Call Canine Familiar  Summ           #####...     1%          3    None
c - Spellforged Servitor  Conj/Summ      #####.....   47%         7    #######
d - Summon Mana Viper     Hex/Summ       #####...     1%          5    #####..
e - Bolt of Draining      Conj/Necr      #####.....   1%          5    #####..


Dungeon Overview and Level Annotations

Branches:
Dungeon (1/1)

Altars:
Ashenzari
Cheibriados
Dithmenos
Elyvilon
Fedhas
Gozag
Hepliaklqana
Kikubaaqudgha
Makhleb
Nemelex Xobeh
Okawaru
Qazlal
Ru
Sif Muna
Trog
Uskayaw
Vehumet
Wu Jian
Xom
Yredelemnul
Zin
The Shining One
Beogh
Jiyva
Lugonu


Innate Abilities, Weirdness & Mutations

Your experience applies equally to all skills.
You have very sharp teeth.
Your uncanny sense of smell can sniff out nearby items.


Message History

The deep elf annihilator casts a spell.
The deep elf annihilator blinks!
Your mana viper bites the green draconian!
Unknown command.
Unknown command.
Unknown command.
Casting: Summon Mana Viper
Confirm with . or Enter, or press ? or * to list all spells.
You turn into a living statue of rough stone.
Your +0 pair of gloves melds into your body.
Your +0 pair of boots melds into your body.
Your cursed +2 robe melds into your body.
You are feeling hungry.
Your mana viper barely misses the green draconian.
The green draconian hits you but does no damage.
The green draconian barely misses you.
The purple draconian breathes dispelling energy at you.
The bolt of dispelling energy hits you!
Your magical effects are unravelling.
You die...

#..# #..#
#..# ∆∆
∆∆#..# ∆∆
∆∆#.:# #''#
##''#
∆∆∆∆∆##S).#
∆ ∆∆∆∆
#d8.##
#ed§## ∆ ∆
....x##∆ ∆
∆ ...#...
∆∆ ∆ ∆ ..
##.. ∆∆ .
... ∆∆ ∆ ∆
.... ∆ ∆ ∆
..... ∆ ∆


You could see a green draconian, a purple draconian, a deep elf annihilator, a
crawling corpse and a friendly mana viper.

Vanquished Creatures
  A deep elf master archer (D)
  A draconian monk (D)
  A nagaraja (D)
  Aizul (D)
  A deep elf annihilator (D)
  An eidolon (D)
  A deep elf death mage (D)
  A deep elf high priest (D)
  Erolcha (D)
  A two-headed ogre (D)
  A vampire mage (D)
  A death yak (D)
  A shadow wraith (D)
  An unseen horror (D)
  An orc knight (D)
  An orc sorcerer (D)
  A deep elf mage (D)
  An elephant (D)
  3 naga magi (D)
  A gargoyle (D)
  An orange demon (D)
  A guardian mummy (D)
  2 hornets (D)
  A troll (D)
  A polar bear (D)
  A wind drake (D)
  4 blink frogs (D)
  A hippogriff (D)
  A redback (D)
  An air elemental (D)
  A tarantella (D)
  A fire elemental (D)
  A wyvern (D)
  A chaos spawn (D)
  A basilisk (D)
  A naga (D)
  2 acid dragons (D)
  2 wargs (D)
  4 insubstantial wisps (D)
  A floating eye (D)
  2 ice beasts (D)
  A black bear (D)
  A porcupine (D)
  An orc warrior (D)
  A phantom (D)
  4 wolves (D)
  A crocodile (D)
  A big kobold (D)
  Blork the orc (D)
  A bullfrog (D)
  7 killer bees (D)
  A small abomination (D)
  9 wights (D)
  A quasit (D)
  An orc wizard (D)
  An orc priest (D)
  A hell rat (D)
  2 worker ants (D)
  2 gnolls (D)
  A white imp (D)
  2 ufetubi (D)
  An ooze (D)
  4 orcs (D)
  A giant cockroach (D)
  3 jackals (D)
  2 quokkas (D)
  2 ball pythons (D)
  A bat (D)
  A frilled lizard (D)
  2 kobolds (D)
  A leopard gecko skeleton (D)
  2 rats (D)
113 creatures vanquished.

Vanquished Creatures (collateral kills)
  A cyclops (D)
  A blink frog (D)
  A tarantella (D)
  2 wolves (D)
  An orc priest (D)
  A jackal zombie (D)
  A crawling corpse (D)
8 creatures vanquished.

Grand Total: 121 creatures vanquished

Notes
Turn   | Place    | Note
-------+----------+-------------------------------------------
     0 | D        | potatolord6000 the Gnoll Fighter began the quest for the Orb.
     0 | D        | Reached XP level 1. HP: 23/23 MP: 1/1
    15 | D        | Reached skill level 1 in Spellcasting
    44 | D        | Found a bloodstained altar of Trog.
    44 | D        | Found a deep blue altar of Sif Muna.
    44 | D        | Found a viscous altar of Jiyva.
    44 | D        | Found a hazy altar of Hepliaklqana.
    44 | D        | Found an opulent altar of Gozag.
    45 | D        | Found a glowing golden altar of the Shining One.
    45 | D        | Found a glowing silver altar of Zin.
    45 | D        | Found a basalt altar of Yredelemnul.
    45 | D        | Found a shimmering altar of Xom.
    45 | D        | Found an ornate altar of the Wu Jian Council.
    45 | D        | Found a sacrificial altar of Ru.
    45 | D        | Found a stormy altar of Qazlal.
    45 | D        | Found an iron altar of Okawaru.
    45 | D        | Found a sparkling altar of Nemelex Xobeh.
    45 | D        | Found a burning altar of Makhleb.
    45 | D        | Found a blossoming altar of Fedhas.
    45 | D        | Found a white marble altar of Elyvilon.
    45 | D        | Found a shadowy altar of Dithmenos.
    45 | D        | Found a snail-covered altar of Cheibriados.
    47 | D        | Found a radiant altar of Vehumet.
    47 | D        | Found a corrupted altar of Lugonu.
    47 | D        | Found a roughly hewn altar of Beogh.
    48 | D        | Found a hide-covered altar of Uskayaw.
    48 | D        | Found an ancient bone altar of Kikubaaqudgha.
    48 | D        | Found a shattered altar of Ashenzari.
    62 | D        | Became a worshipper of Sif Muna the Loreminder
    76 | D        | Reached skill level 1 in Fire Magic
    84 | D        | Reached skill level 1 in Stealth
    84 | D        | Reached skill level 1 in Earth Magic
   151 | D        | Reached skill level 1 in Maces & Flails
   151 | D        | Reached skill level 1 in Staves
   151 | D        | Reached skill level 1 in Bows
   151 | D        | Reached skill level 1 in Throwing
   151 | D        | Reached skill level 1 in Conjurations
   151 | D        | Reached skill level 1 in Transmutations
   151 | D        | Reached skill level 1 in Ice Magic
   151 | D        | Reached skill level 1 in Air Magic
   151 | D        | Reached skill level 1 in Invocations
   151 | D        | Reached skill level 1 in Evocations
   151 | D        | Reached XP level 2. HP: 29/29 MP: 2/4
   164 | D        | Reached * piety under Sif Muna
   164 | D        | Reached skill level 1 in Short Blades
   164 | D        | Reached skill level 5 in Axes
   164 | D        | Reached skill level 1 in Polearms
   164 | D        | Reached skill level 1 in Dodging
   164 | D        | Reached skill level 1 in Poison Magic
   167 | D        | Reached skill level 1 in Slings
   167 | D        | Reached skill level 1 in Hexes
   167 | D        | Reached skill level 1 in Necromancy
   167 | D        | Reached skill level 1 in Translocations
   167 | D        | Reached XP level 3. HP: 27/36 MP: 3/5
   328 | D        | Noticed an ice beast
   343 | D        | Killed an ice beast
   343 | D        | Reached ** piety under Sif Muna
   343 | D        | Reached skill level 1 in Unarmed Combat
   343 | D        | Reached XP level 4. HP: 35/43 MP: 5/8
   343 | D        | Reached XP level 5. HP: 39/48 MP: 5/9
   386 | D        | Noticed a warg
   387 | D        | Noticed a floating eye
   401 | D        | Killed a warg
   401 | D        | Reached XP level 6. HP: 44/56 MP: 9/11
   423 | D        | Paralysed by a floating eye for 2 turns
   426 | D        | Killed a floating eye
   426 | D        | Reached *** piety under Sif Muna
   426 | D        | Reached skill level 5 in Maces & Flails
   426 | D        | Reached skill level 5 in Fire Magic
   426 | D        | Reached skill level 5 in Air Magic
   426 | D        | Reached skill level 5 in Poison Magic
   426 | D        | Reached skill level 5 in Invocations
   496 | D        | Noticed an ice beast
   505 | D        | Killed an ice beast
   505 | D        | Reached skill level 5 in Crossbows
   505 | D        | Reached skill level 5 in Throwing
   505 | D        | Reached skill level 5 in Dodging
   505 | D        | Reached skill level 5 in Translocations
   505 | D        | Reached skill level 5 in Transmutations
   505 | D        | Reached XP level 7. HP: 40/63 MP: 14/14
   618 | D        | Noticed an elephant
   627 | D        | Killed an elephant
   627 | D        | Reached **** piety under Sif Muna
   627 | D        | Reached skill level 5 in Short Blades
   627 | D        | Reached skill level 5 in Long Blades
   627 | D        | Reached skill level 5 in Polearms
   627 | D        | Reached skill level 5 in Staves
   627 | D        | Reached skill level 5 in Slings
   627 | D        | Reached skill level 5 in Bows
   627 | D        | Reached skill level 5 in Stealth
   627 | D        | Reached skill level 5 in Spellcasting
   627 | D        | Reached skill level 5 in Conjurations
   627 | D        | Reached skill level 5 in Hexes
   627 | D        | Reached skill level 5 in Charms
   627 | D        | Reached skill level 5 in Summonings
   627 | D        | Reached skill level 5 in Necromancy
   627 | D        | Reached skill level 5 in Ice Magic
   627 | D        | Reached skill level 5 in Earth Magic
   627 | D        | Reached skill level 5 in Evocations
   716 | D        | Noticed Blork the orc
   716 | D        | Noticed a deep elf mage
   725 | D        | Killed a deep elf mage
   725 | D        | Reached skill level 5 in Unarmed Combat
   725 | D        | Reached XP level 8. HP: 49/71 MP: 15/17
   731 | D        | Killed Blork the orc
   870 | D        | Noticed a tarantella
   876 | D        | Killed a tarantella
   882 | D        | Reached ***** piety under Sif Muna
  1006 | D        | Noticed Erolcha
  1009 | D        | Reached XP level 9. HP: 78/78 MP: 18/18
  1014 | D        | Identified Sif Muna's Collected Works on Earth (Sif Muna gifted it to you in the Dungeon)
  1014 | D        | Received a gift from Sif Muna
  1014 | D        | Killed Erolcha
  1014 | D        | Reached skill level 10 in Shields
  1026 | D        | Reached skill level 10 in Fighting
  1026 | D        | Reached skill level 10 in Armour
  1053 | D        | Learned a level 6 spell: Statue Form
  1239 | D        | Noticed a death yak
  1242 | D        | Noticed a guardian mummy
  1242 | D        | Noticed a naga mage
  1242 | D        | Noticed a naga mage
  1242 | D        | Noticed a naga mage
  1252 | D        | Killed a death yak
  1252 | D        | Identified Sif Muna's Theurgy Continued (Sif Muna gifted it to you in the Dungeon)
  1252 | D        | Received a gift from Sif Muna
  1252 | D        | Reached XP level 10. HP: 51/86 MP: 19/21
  1258 | D        | Killed a naga mage
  1264 | D        | Killed a naga mage
  1269 | D        | Killed a naga mage
  1288 | D        | Learned a level 3 spell: Call Canine Familiar
  1727 | D        | Killed an unseen horror
  1756 | D        | Received a gift from Sif Muna
  1842 | D        | Noticed an orc sorcerer
  1842 | D        | Noticed a gargoyle
  1858 | D        | Killed an orc sorcerer
  1858 | D        | Reached skill level 10 in Axes
  1865 | D        | Killed a gargoyle
  2018 | D        | Reached XP level 11. HP: 93/93 MP: 19/23
  2030 | D        | Reached skill level 10 in Necromancy
  2030 | D        | Reached skill level 10 in Translocations
  2038 | D        | Killed a shadow wraith
  2038 | D        | Identified Sif Muna's Catalogue of Damaging Enchantment (Sif Muna gifted it to you in the Dungeon)
  2038 | D        | Received a gift from Sif Muna
  2038 | D        | Reached skill level 10 in Polearms
  2046 | D        | Reached skill level 10 in Throwing
  2047 | D        | Reached skill level 10 in Transmutations
  2050 | D        | Reached skill level 10 in Summonings
  2050 | D        | Reached skill level 10 in Evocations
  2062 | D        | Learned a level 7 spell: Spellforged Servitor
  2093 | D        | Reached skill level 10 in Crossbows
  2099 | D        | Reached skill level 10 in Conjurations
  2105 | D        | Reached skill level 10 in Air Magic
  2105 | D        | Reached skill level 10 in Invocations
  2108 | D        | Identified Sif Muna's Handbook of Boosts and Curses (Sif Muna gifted it to you in the Dungeon)
  2108 | D        | Received a gift from Sif Muna
  2297 | D        | Reached ****** piety under Sif Muna
  2298 | D        | Reached skill level 10 in Short Blades
  2298 | D        | Reached skill level 10 in Stealth
  2298 | D        | Reached skill level 10 in Poison Magic
  2300 | D        | Reached skill level 10 in Maces & Flails
  2307 | D        | Noticed a two-headed ogre
  2307 | D        | Noticed Aizul
  2310 | D        | Noticed a cyclops
  2321 | D        | Killed Aizul
  2321 | D        | Reached skill level 10 in Slings
  2321 | D        | Reached skill level 10 in Dodging
  2321 | D        | Reached skill level 10 in Hexes
  2321 | D        | Reached skill level 10 in Charms
  2321 | D        | Reached skill level 10 in Fire Magic
  2321 | D        | Reached skill level 10 in Ice Magic
  2321 | D        | Reached skill level 10 in Earth Magic
  2321 | D        | Killed a two-headed ogre
  2321 | D        | Reached skill level 10 in Long Blades
  2322 | D        | Killed a cyclops
  2372 | D        | Learned a level 5 spell: Summon Mana Viper
  2573 | D        | Noticed an eidolon
  2582 | D        | Killed an eidolon
  2688 | D        | Identified Bunterph's Catalogue of Scorching Stolen Souls (Sif Muna gifted it to you in the Dungeon)
  2688 | D        | Received a gift from Sif Muna
  2698 | D        | Learned a level 5 spell: Bolt of Draining
  2782 | D        | Noticed an orc knight
  2789 | D        | Reached XP level 12. HP: 103/103 MP: 4/25
  2792 | D        | Reached skill level 10 in Spellcasting
  3035 | D        | Noticed a deep elf master archer
  3038 | D        | Noticed a white draconian monk
  3040 | D        | Noticed a deep elf high priest
  3041 | D        | Noticed a nagaraja
  3041 | D        | Noticed a deep elf death mage
  3042 | D        | Noticed a green draconian
  3042 | D        | Killed a deep elf master archer
  3042 | D        | Reached skill level 10 in Staves
  3042 | D        | Reached skill level 10 in Bows
  3042 | D        | Reached skill level 10 in Unarmed Combat
  3045 | D        | Noticed a purple draconian
  3047 | D        | Killed a deep elf high priest
  3048 | D        | Noticed a deep elf annihilator
  3050 | D        | Noticed a vampire mage
  3052 | D        | Noticed a deep elf annihilator
  3052 | D        | Killed a deep elf death mage
  3052 | D        | Identified Sif Muna's Tome of Supportive Flames (Sif Muna gifted it to you in the Dungeon)
  3052 | D        | Received a gift from Sif Muna
  3060 | D        | Killed a nagaraja
  3061 | D        | Killed a white draconian monk
  3062 | D        | Killed a deep elf annihilator
  3062 | D        | Killed a vampire mage
  3068 | D        | Killed from afar by a purple draconian

Vault maps used:
D:        pitsprint

Skill      XL: |  1  2  3  4  5  6  7  8  9 10 11 12 |
---------------+-------------------------------------+-----
Spellcasting   | 1 2 3 4 6 7 8 9 11 | 11.2
Fire Magic     | 1 2 3 4 5 6 8 9 10 11 | 11.3
Stealth        | 1 2 3 4 5 6 7 9 10 11 | 11.7
Earth Magic    | 2 3 4 6 7 8 10 11 | 11.3
Maces & Flails | 1 2 3 4 5 6 7 8 9 10 11 | 11.8
Staves         | 1 2 4 6 7 8 9 10 | 10.8
Bows           | 1 2 3 4 6 7 8 9 10 | 10.8
Crossbows      | 2 3 4 5 6 7 9 10 11 | 11.5
Throwing       | 1 3 4 5 6 8 9 11 12 | 12.9
Conjurations   | 1 2 3 4 6 7 8 9 10 11 | 11.5
Transmutations | 1 2 3 4 5 6 7 8 9 10 11 | 11.5
Ice Magic      | 1 3 4 5 6 8 9 10 11 | 11.7
Air Magic      | 1 2 3 4 5 6 7 8 9 10 11 | 11.8
Invocations    | 1 2 3 4 5 6 7 8 9 10 11 | 11.8
Evocations     | 1 2 3 4 6 8 9 10 11 | 11.8
Short Blades   | 2 3 4 6 7 9 10 11 | 11.7
Axes           | 5 6 7 8 9 10 11 12 | 12.0
Polearms       | 2 3 4 6 7 8 9 11 12 | 12.0
Dodging        | 2 3 4 5 6 7 8 9 10 11 | 11.5
Poison Magic   | 2 3 4 5 6 8 9 10 11 | 11.8
Fighting       | 7 8 9 10 11 12 13 | 13.1
Slings         | 1 2 3 4 5 6 7 9 10 11 | 11.8
Armour         | 7 8 9 10 11 12 13 | 13.1
Shields        | 7 8 9 10 11 12 13 | 13.3
Hexes          | 1 2 3 4 5 6 7 8 10 11 | 11.3
Necromancy     | 1 2 3 4 5 6 8 9 11 12 | 12.0
Translocations | 1 2 3 5 6 7 9 11 12 | 12.4
Long Blades    | 2 3 4 5 6 7 8 10 11 | 11.2
Unarmed Combat | 1 2 3 5 6 8 9 10 | 10.6
Charms         | 2 3 4 5 6 8 9 10 11 | 11.5
Summonings     | 2 3 4 6 8 9 10 11 | 11.7

Action                   |  1- 3 |  4- 6 |  7- 9 | 10-12 || total
-------------------------+-------+-------+-------+-------++-------
Melee: War axe           |    29 |    34 |    32 |       ||    95
       Bite              |     4 |     2 |    11 |    11 ||    28
       Broad axe         |       |       |    54 |   184 ||   238
       Punch             |       |       |       |     5 ||     5
 Cast: Call Canine Famil |       |       |       |     6 ||     6
       Statue Form       |       |       |       |     8 ||     8
       Summon Mana Viper |       |       |       |     9 ||     9
       Bolt of Draining  |       |       |       |     3 ||     3
  Use: Potion            |     1 |     2 |     5 |     9 ||    17
       Scroll            |       |       |       |     4 ||     4
 Stab: Distracted        |       |       |       |     1 ||     1
       Invisible         |       |       |       |     5 ||     5
       Sleeping          |       |       |       |     2 ||     2
  Eat: Meat ration       |       |       |     2 |     1 ||     3
Armor: Scale mail        |    14 |       |       |       ||    14
       Chain mail        |     5 |    14 |    45 |    45 ||   109
       Skin              |       |       |       |   130 ||   130
       Robe              |       |       |       |     7 ||     7
Dodge: Dodged            |    10 |     9 |    32 |   357 ||   408
Block: Shield            |    21 |    12 |    50 |    47 ||   130

Table legend:
 A = Spawn XP
 B = Non-spawn XP
 C = Spawn XP percentage of total XP
 D = Spawn monster count
 E = Non-spawn monster count
 F = Spawn count percentage of total count
 G = Total turns spent on level
                    A         B        C        D         E        F      G
               +---------+---------+-------+---------+---------+-------+---------
         Total |       0 |   29452 |   0.0 |       0 |     120 |   0.0 |  3068
               +---------+---------+-------+---------+---------+-------+---------
             D |       0 |   29452 |   0.0 |       0 |     120 |   0.0 |  3068
               +---------+---------+-------+---------+---------+-------+---------
